 Dungeon Crawl Stone Soup version 0.30-a0-859-gf88a04b62d (webtiles) character file.

Game seed: 127763464185638152

144 Dittersdorf the Covered (level 5, 0/33 HPs)
             Began as a Gargoyle Fighter on Mar 6, 2023.
             Slain by an iguana (11 damage)
             ... on level 4 of the Dungeon.
             The game lasted 00:02:21 (2246 turns).

Dittersdorf the Covered (Gargoyle Fighter)          Turns: 2246, Time: 00:02:22

Health: 0/33       AC: 11    Str: 22    XL:     5   Next: 26%
Magic:  5/5        EV:  9    Int:  8    God:
Gold:   140        SH:  4    Dex:  9    Spells: 4/4 levels left

rFire   . . .      SeeInvis .    a - +0 flail
rCold   + . .      Faith    .    c - +0 buckler
rNeg    + . .      Spirit   .    b - +0 scale mail
rPois   ∞          Reflect  .    (no helmet)
rElec   +          Rampage  .    (no cloak)
rCorr   .                        (no gloves)
Will    .....                    (no boots) Stlth
                                 (no amulet)
HPRegen 0.25/turn                g - ring of protection from cold
MPRegen 0.09/turn                (no ring)

@: no status effects
A: sickness immunity, AC +4, negative energy resistance 1, electricity
resistance, torment resistance 1, petrification resistance
a: no special abilities


You were on level 4 of the Dungeon.
You visited 1 branch of the dungeon, and saw 4 of its levels.

You collected 140 gold pieces.

Inventory:

Hand Weapons
 a - a +0 flail (weapon)
Missiles
 p - 5 poisoned darts (quivered)
Armour
 b - a +0 scale mail (worn)
 c - a +0 buckler (worn)
Jewellery
 g - a ring of protection from cold (left hand)
Scrolls
 e - 2 scrolls of teleportation
 i - a scroll of vulnerability {unknown}
 l - a scroll of silence {unknown}
 m - a scroll of fear {unknown}
 n - a scroll of magic mapping {unknown}
 o - a scroll of blinking
Potions
 d - 2 potions of might
 h - 3 potions of mutation {unknown}
 j - a potion of flight


   Skills:
 + Level 4.2 Fighting
 + Level 3.1 Maces & Flails
 + Level 4.2 Armour
 + Level 4.2 Shields


You had 4 spell levels left.
You didn't know any spells.
Your spell library contained the following spells:

 Spells                   Type           Power      Damage    Failure   Level
 Necrotise                Necr           0%         1d4       82%         1
 Dazzling Flash           Conj/Hex       0%         N/A       99%         3
 Vampiric Draining        Necr           0%         2d6       99%         3
 Agony                    Necr           0%         N/A       100%        5
 Silence                  Hex/Air        0%         N/A       100%        5


Dungeon Overview and Level Annotations

Branches:
Dungeon (4/15)
 Temple: D:4-7

Altars:

Annotations:
D:2 1 runed translucent door, Crazy Yiuf


Innate Abilities, Weirdness & Mutations

You are immune to sickness and miasma.
Your stone body is resilient. (AC +4)
You are immune to poison.
You resist negative energy. (rN+)
You are resistant to electric shocks. (rElec)
You are resistant to unholy torment.
You are immune to petrification.


Message History

The adder is heavily wounded.
The endoplasm quivers.
The iguana hisses menacingly.
The adder barely misses you. The dart slug barely misses you.
You closely miss the adder.
The adder is heavily wounded.
You block the adder's attack. The hobgoblin hits you.
The dart slug bites you but does no damage.
The adder bites you but does no damage. The hobgoblin barely misses you.
You hit the adder.
The adder is severely wounded.
The adder bites you.
The hobgoblin hits you but does no damage.
The dart slug bites you but does no damage.
The adder misses you.
You sock the adder!
You kill the adder!
The hobgoblin barely misses you. The dart slug bites you.
You hit the iguana.
The iguana is moderately wounded.
The iguana barely misses you. You block the hobgoblin's attack.
The dart slug launches a dart at you. The slug dart hits you.
The iguana bites you!
The hobgoblin hits you but does no damage.
You are too injured to fight recklessly!
You are too injured to fight recklessly!
You are too injured to fight recklessly!
You are too injured to fight recklessly!
You are too injured to fight recklessly!
You are too injured to fight recklessly!
You are too injured to fight recklessly!
You are too injured to fight recklessly!
You are too injured to fight recklessly!
You are too injured to fight recklessly!
You are too injured to fight recklessly!
You are too injured to fight recklessly!
You are too injured to fight recklessly!
You are too injured to fight recklessly!
The iguana bites you!
You die...

#<..#
#.#.# ..
#.# #
###.. ...
####....
#.#
#.....# #
#.#
#.....#.#
#.#
#.......#
#.#
#gw...#
#@lJ..#
###......
####.


You could see an iguana, a dart slug, an endoplasm and a hobgoblin.

Vanquished Creatures
  Jessica (D:2)
  7 adders
  2 worms
  3 dart slugs
  An orc (D:3)
  4 bats (D:3)
  2 endoplasms (D:2)
  3 giant cockroaches
  4 goblins
  6 hobgoblins
  3 kobolds
  A quokka (D:3)
  2 ball pythons
  A frilled lizard (D:3)
  4 rats
44 creatures vanquished.

Notes
Turn   | Place    | Note
-------+----------+-------------------------------------------
     0 | D:1      | Dittersdorf the Gargoyle Fighter began the quest for the
                  | Orb.
     0 | D:1      | Reached XP level 1. HP: 14/14 MP: 1/1
   173 | D:1      | Reached XP level 2. HP: 17/19 MP: 2/2
   636 | D:2      | Reached XP level 3. HP: 23/23 MP: 3/3
   879 | D:2      | Found a faded altar of an unknown god.
  1063 | D:2      | Noticed Jessica
  1069 | D:2      | Killed Jessica
  1070 | D:2      | Reached XP level 4. HP: 29/29 MP: 4/4
  1309 | D:2      | Found a runed translucent door.
  1310 | D:2      | Noticed Crazy Yiuf
  1931 | D:3      | Reached XP level 5. HP: 24/33 MP: 5/5
  2246 | D:4      | Slain by an iguana

Illustrated notes

Levels and vault maps discovered:
D:1:      dpeg_arrival_arbitrary_a, layout_rooms, roderic_cross_of_infinity,
          reono_crystal_passage, nicolae_titane
D:2:      layout_loops_ring, chequers_ecumenical_altar_twisty,
          uniq_crazy_yiuf_cottage, uniq_jessica
D:3:      layout_loops_ring, minmay_hedge_maze
D:4:      layout_loops_cross, serial_shops, nicolae_shop_window_shopping

Skill      XL: |  1  2  3  4 |
---------------+-------------+-----
Armour         | 4 |  4.2
Fighting       | 4 |  4.2
Shields        | 4 |  4.2
Maces & Flails | 3 |  3.1

Action                     |  1- 3 |  4- 6 || total
---------------------------+-------+-------++-------
  Melee: Flail             |    56 |   108 ||   164
    Use: Scroll            |       |     5 ||     5
 Armour: Scale mail        |    13 |    84 ||    97
  Dodge: Dodged            |    25 |    71 ||    96
  Block: Buckler           |     9 |    35 ||    44

Table legend: (Time is in decaauts)
 A = Elapsed time spent in this place.
 B = Non-inter-level travel time spent in this place.
 C = Inter-level travel time spent in this place.
 D = Time resting spent in this place.
 E = Time spent auto-exploring this place.
 F = Levels seen in this place.
 G = Mean time per level.
                   A        B        C        D        E       F      G
               +--------+--------+--------+--------+--------+-----+--------+
         Total |   2295 |   2124 |    171 |      0 |   1723 |   4 |  573.8 |
       Dungeon |   2295 |   2124 |    171 |      0 |   1723 |   4 |  573.8 |
               +--------+--------+--------+--------+--------+-----+--------+

Top non-repeatable levels by time:
     D:3: 846 daAuts
     D:2: 790 daAuts
     D:1: 624 daAuts
     D:4: 33 daAuts
